 Dungeon Crawl Stone Soup version 0.24.0-125-gc4c63601f3 (webtiles) character file.

Game seed: 1600302949748045870, levelgen mode: deterministic

3138 Johnny the Grappler (level 9, -2/90 HPs)
             Began as a Naga Berserker on Feb 26, 2020.
             Was a Priest of Trog.
             Slain by an ice beast (10 damage)
             ... on level 7 of the Dungeon.
             The game lasted 00:08:43 (6777 turns).

Johnny the Grappler (Naga Berserker)                Turns: 6777, Time: 00:08:45

Health: -2/90      AC: 12    Str: 23    XL:     9   Next: 92%
Magic:  9/9        EV:  8    Int:  7    God:    Trog [***...]
Gold:   69         SH:  0    Dex: 11    Spells: 8/8 levels left

rFire    . . .     SeeInvis +     - Unarmed
rCold    . . .     Gourm    .   (no shield)
rNeg     . . .     Faith    .   i - +0 chain mail
rPois    +         Spirit   .   f - +0 helmet
rElec    .         Reflect  .   q - +0 cloak
rCorr    +         Harm     .   j - +0 pair of gloves
MR       +....                  (no barding)
Stlth    ..........             (no amulet)
HPRegen  0.25/turn              h - ring of resist corrosion
MPRegen  0.11/turn              (no ring)

@: lethally poisoned (-2 -> -2), very slow
A: large, see invisible, deformed body, poison resistance, slowness 2, slow
metabolism 1, spit poison 1, AC +3
a: Spit Poison, Berserk, Trog's Hand, Renounce Religion


You were on level 7 of the Dungeon.
You worshipped Trog.
Trog was most pleased with you.
You were near starving.

You visited 1 branch of the dungeon, and saw 8 of its levels.

You collected 329 gold pieces.
You spent 260 gold pieces at shops.

Inventory:

Armour
 f - a +0 helmet (worn)
 i - a +0 chain mail (worn)
 j - a +0 pair of gloves (worn)
 q - a +0 cloak (worn)
Jewellery
 h - a ring of resist corrosion (left hand)
Wands
 k - a wand of flame (3)
Scrolls
 c - 2 scrolls of remove curse
 e - 2 scrolls of teleportation
 g - 5 scrolls of fear
 m - a scroll of fog
 n - 2 scrolls of immolation
 t - a scroll of enchant armour {unknown}
Potions
 a - a potion of cancellation
 d - 3 potions of curing
 l - a potion of flight {unknown}
 p - 2 potions of heal wounds
 r - a potion of haste
 s - a potion of might
Comestibles
 b - 15 rations
 o - 6 chunks of flesh


   Skills:
 * Level 8.4 Fighting
 + Level 4.7 Armour
 + Level 4.8 Dodging
 * Level 8.5 Unarmed Combat


You had 8 spell levels left.
You didn't know any spells.
Your spell library contained the following spells:

 Spells                   Type           Power        Failure   Level  Hunger
 Flame Tongue             Conj/Fire      #....        98%         1    ##.....
 Throw Flame              Conj/Fire      #.....       99%         2    ###....
 Conjure Flame            Conj/Fire      #.......     100%        3    ####...
 Inner Flame              Hex/Fire       #.......     100%        3    ####...
 Sticky Flame             Conj/Fire      #.......     100%        4    #####..
 Fireball                 Conj/Fire      #.........   100%        5    ######.


Dungeon Overview and Level Annotations

Branches:
Dungeon (8/15)             Temple (0/1) D:7
   Lair: D:8-11

Altars:
Dithmenos
Nemelex Xobeh
Xom

Shops:
D:4 *   D:5 (}(   D:8 [(!=[

Annotations:
D:8 3 runed translucent doors, Gynju's ghost, novice DEFE


Innate Abilities, Weirdness & Mutations

You cannot wear boots.
Your serpentine skin is tough. (AC +3)
You have supernaturally acute eyesight. (SInv)
Armour fits poorly on your strangely shaped body.
Your system is resistant to poisons. (rPois)
You cover ground very slowly.
You have a slow metabolism.
You can spit poison.


Message History

Evoke which item? (* to show all) (? for menu, Esc to quit)
Aiming: Throw Flame
Press: ? - help, Shift-Dir - straight line, f/p - ice beast
Aim: an ice beast (moderately wounded)
The puff of flame hits the ice beast!
The ice beast melts!
The ice beast is severely wounded.
The ice beast hits you.
* * * LOW HITPOINT WARNING * * *
The ice beast freezes you!
* * * LOW HITPOINT WARNING * * *
Evoke which item? (* to show all) (? for menu, Esc to quit)
Aiming: Throw Flame
Press: ? - help, Shift-Dir - straight line, f/p - ice beast
Aim: an ice beast (severely wounded)
The puff of flame hits the ice beast.
The ice beast melts!
The ice beast is almost dead.
You feel sick. The ice beast hits you.
* * * LOW HITPOINT WARNING * * *
The ice beast freezes you!
You die...

############
.......@Y..########
##########W....§..#
##⌠.⌠......#
#.._..%....#
#.⌠"⌠.†....#
#.#........#
#..........#
######'##### #..


You could see a phantom and an ice beast.

Vanquished Creatures
  A hippogriff (D:8)
  3 orc warriors
  3 sky beasts
  A black bear (D:8)
  A necrophage (D:8)
  A phantom (D:4)
  An ogre (D:8)
  2 centaurs
  3 bullfrogs
  A gnoll sergeant (D:7)
  A scorpion (D:6)
  5 wights
  A howler monkey (D:7)
  A centaur zombie (D:8)
  A crimson imp (D:6)
  4 hounds
  A gnoll shaman (D:5)
  2 jellies
  10 orc wizards
  Crazy Yiuf (D:5)
  An iguana (D:6)
  11 worker ants
  2 hound zombies
  A worker ant zombie (D:5)
  Robin (D:3)
  11 gnolls
  12 adders
  4 shadow imps
  An ooze (D:2)
  3 worms
  A dart slug (D:4)
  4 leopard geckos
  20 orcs
  2 ball pythons
  8 giant cockroaches
  14 goblins
  4 hobgoblins
  6 jackals (D:8)
  5 kobolds
  6 quokkas
  5 bats
  2 frilled lizards (D:1)
  A leopard gecko skeleton (D:8)
  6 rats
175 creatures vanquished.

Vanquished Creatures (collateral kills)
  A bullfrog (D:7)
  A howler monkey (D:7)
2 creatures vanquished.

Grand Total: 177 creatures vanquished

Notes
Turn   | Place    | Note
-------+----------+-------------------------------------------
     0 | D:1      | Johnny the Naga Berserker began the quest for the Orb.
     0 | D:1      | Reached XP level 1. HP: 21/21 MP: 1/1
   458 | D:1      | Reached XP level 2. HP: 22/28 MP: 2/2
  1124 | D:2      | Found a shimmering altar of Xom.
  1153 | D:2      | Reached XP level 3. HP: 31/34 MP: 3/3
  1812 | D:3      | Reached ** piety under Trog
  1814 | D:3      | Noticed Robin
  1816 | D:3      | Reached XP level 4. HP: 43/43 MP: 4/4
  1842 | D:3      | Killed Robin
  2839 | D:4      | Found Wytiam's Assorted Antiques.
  2876 | D:4      | Reached XP level 5. HP: 50/50 MP: 5/5
  2877 | D:4      | Noticed a phantom
  3194 | D:4      | Reached XP level 6. HP: 41/58 MP: 6/6
  3359 | D:4      | Killed a phantom
  3359 | D:4      | Reached skill level 5 in Unarmed Combat
  3371 | D:4      | Bought a scroll of identify for 58 gold pieces
  3371 | D:4      | Bought a scroll of identify for 58 gold pieces
  3461 | D:4      | Reached skill level 5 in Fighting
  3461 | D:4      | Reached XP level 7. HP: 41/67 MP: 7/7
  3562 | D:4      | Found a shadowy altar of Dithmenos.
  3789 | D:5      | Entered Level 5 of the Dungeon
  3896 | D:5      | Found Netu Itz's Weapon Shoppe.
  3983 | D:5      | Found Paethrag's Antique Weapon Boutique.
  4157 | D:5      | Reached XP level 8. HP: 60/76 MP: 8/8
  4169 | D:5      | Reached *** piety under Trog
  4730 | D:5      | Found Poiliocs's Gadget Emporium.
  4855 | D:5      | Found a runed translucent door.
  4857 | D:5      | Noticed Crazy Yiuf
  4863 | D:5      | Killed Crazy Yiuf
  4880 | D:5      | Got a polished mace
  5031 | D:6      | Identified the +5 mace of the Endless Songs {drain, *Slow
                  | Str+4 Stlth+} (You found it on level 5 of the Dungeon)
  5369 | D:6      | You fall into a shaft and drop 2 floors!
  5622 | D:8      | Found Apaez's Antique Weapon Boutique.
  5626 | D:8      | Found Issucag's Distillery.
  5678 | D:8      | Reached XP level 9. HP: 41/86 MP: 9/9
  5685 | D:8      | Bought a potion of heal wounds for 80 gold pieces
  5685 | D:8      | Bought a potion of might for 64 gold pieces
  5991 | D:8      | Found Segihos's Antique Armour Shop.
  6050 | D:8      | Found a runed translucent gate.
  6050 | D:8      | Found a runed translucent gate.
  6050 | D:8      | Found a runed translucent gate.
  6050 | D:8      | Noticed Gynju's ghost (novice DEFE)
  6257 | D:8      | Found Jumay's Antique Armour Shoppe.
  6340 | D:8      | Reached **** piety under Trog
  6587 | D:8      | Found Luixziud's Jewellery Shop.
  6629 | D:7      | Found a staircase to the Ecumenical Temple.
  6740 | D:7      | Found a sparkling altar of Nemelex Xobeh.
  6777 | D:7      | Slain by an ice beast

Levels and vault maps discovered:
D:1:      minmay_arrival_hallway, layout_basic, minmay_statues_item
D:2:      layout_loops_cross, lemuel_altar_in_water
D:3:      layout_rooms, first_ration, minmay_crystal_water, uniq_robin
D:4:      layout_rooms, grunt_dithmenos_shadows, serial_shops, shop,
          gup_sewer_entry_spiral
D:5:      minmay_inner_zag, layout_loops_ring, serial_shops,
          nicolae_shop_crystal, nicolae_shop_stone, shop,
          uniq_crazy_yiuf_cottage
D:6:      layout_gridville, uniq_pikel
D:7:      layout_basic, minitemple, nemelex_xobeh_ov_fountains_minmay,
          minmay_temple_entry_mini_moons, enter_bailey_7
D:8:      layout_basic, gammafunk_ghost_spectres, serial_shops,
          nicolae_shop_trees, nicolae_shop_window_shopping, shop,
          nicolae_shop_behind_doors, kennysheep_mini_moat, grunt_ogre_cave

Skill      XL: |  1  2  3  4  5  6  7  8  9 |
---------------+----------------------------+-----
Dodging        | 2 3 4 |  4.8
Armour         | 2 3 4 |  4.7
Unarmed Combat | 4 5 7 8 |  8.5
Fighting       | 4 5 7 8 |  8.4

Action                   |  1- 3 |  4- 6 |  7- 9 || total
-------------------------+-------+-------+-------++-------
Melee: Unarmed           |   119 |   213 |   447 ||   779
       Punch             |     1 |     1 |    19 ||    21
Invok: Berserk           |     2 |     2 |    12 ||    16
       Trog's Hand       |       |     4 |     3 ||     7
       Brothers in Arms  |       |       |     1 ||     1
Evoke: Wand              |       |    10 |     8 ||    18
  Use: Potion            |       |     3 |     1 ||     4
       Scroll            |       |     4 |     6 ||    10
  Eat: Ration            |     1 |     1 |       ||     2
       Chunk             |       |     5 |    20 ||    25
Armor: Animal skin       |     1 |       |       ||     1
       Ring mail         |    15 |       |       ||    15
       Chain mail        |    39 |   176 |   270 ||   485
Dodge: Dodged            |    42 |   138 |   131 ||   311
